 Dungeon Crawl Stone Soup version 0.17-a0-1322-g2a080e7 (webtiles) character file.

2023 Quirk the Shield-Bearer (level 9, -5/55 HPs)
             Began as a Gargoyle Fighter on June 9, 2015.
             Was an Initiate of Ru.
             Slain by an orc warrior
             ... wielding a +0 scimitar of flaming
              (20 damage)
             ... on level 6 of the Dungeon.
             The game lasted 00:19:13 (5442 turns).

Quirk the Shield-Bearer (Gargoyle Fighter)          Turns: 5442, Time: 00:19:13

Health: -5/55      AC: 15    Str: 23    XL:     9   Next: 23%
Magic:  9/9        EV: 14    Int:  9    God:    Ru [......]
Gold:   297        SH: 12    Dex: 13    Spells: 0 memorised, 8 levels left

rFire  . . .     SeeInvis .     h - +3 hand axe "Cutsot" {speed, +Fly MR- Dex+4}
rCold  + . .     Clarity  .     J - +2 ring mail {rC+}
rNeg   + . .     SustAt   .     c - +1 shield
rPois  ∞         Gourm    +     l - +0 helmet
rElec  +         Spirit   .     (no cloak)
rCorr  .         Warding  .     (no gloves)
rMut   .         Stasis   .     (no boots)
MR     .....                    A - amulet of the gourmand
Stlth  ++........               (no ring)
                                q - +4 ring of evasion

@: not resistant to hostile enchantments, unstealthy
A: negative energy resistance 1, electricity resistance, unbreathing,
petrification resistance, rot immunity, AC +5
a: Renounce Religion, Evoke Flight


You were on level 6 of the Dungeon.
You worshipped Ru.
Ru was noncommittal.
You were very hungry.

You visited 2 branches of the dungeon, and saw 7 of its levels.
You also visited: Sewer.

You collected 297 gold pieces.

Inventory:

Hand weapons
 a - a +0 flail
 h - the +3 hand axe "Cutsot" (weapon) {speed, +Fly MR- Dex+4}
   (You took it off an orc on level 4 of the Dungeon)

   Attacks with this weapon are significantly faster.
   It affects your dexterity (+4).
   It affects your resistance to hostile enchantments.
   It lets you fly.
 C - a +1 whip of venom
 M - the cursed +1 long sword of Distraction {pain, *Corrode rC++ MR+ Stlth+}
   (You found it on level 6 of the Dungeon)

   In the hands of one skilled in necromantic magic, it inflicts extra damage on
   living creatures.
   It greatly protects you from cold.
   It affects your resistance to hostile enchantments.
   It may corrode your equipment when you take damage.
   It makes you more stealthy.
   It has a curse placed upon it.
Missiles
 H - 9 tomahawks (quivered)
Armour
 c - a +1 shield (worn)
 l - a +0 helmet (worn)
 J - a +2 ring mail of cold resistance (worn)
Magical staves
 j - an uncursed staff of earth {unknown}
Jewellery
 q - a +4 ring of evasion (left hand)
 A - an amulet of the gourmand (around neck)
Magical devices
 o - a wand of fireball (5)
 D - a wand of digging (14)
 F - a wand of fire (4)
Scrolls
 b - 3 scrolls of remove curse
 i - a scroll of fog
 r - 2 scrolls of fear
 x - 2 scrolls of identify
 E - 3 scrolls of immolation
Potions
 d - a potion of might
 f - 2 potions of magic {unknown}
 g - 4 potions of agility {unknown}
 n - a potion of haste {unknown}
 p - 3 potions of lignification {unknown}
 s - 5 potions of curing {unknown}
 t - 2 potions of flight {unknown}
 u - 2 potions of brilliance {unknown}
 v - 3 potions of heal wounds {unknown}
 z - a potion of poison {unknown}
 I - a potion of ambrosia {unknown}
Books
 k - a book of Conjurations

   Spells                             Type                      Level
   a - Magic Dart                     Conjuration                  1
   b - Searing Ray                    Conjuration                  2
   c - Dazzling Spray                 Conjuration/Hexes            3
   d - Fulminant Prism                Conjuration/Hexes            4
   e - Iskenderun's Mystic Blast      Conjuration                  4
   f - Iskenderun's Battlesphere      Conjuration/Charms           5
 L - a book of Maledictions

   Spells                             Type                      Level
   a - Corona                         Hexes                        1
   b - Ensorcelled Hibernation        Hexes/Ice                    2
   c - Confuse                        Hexes                        3
   d - Tukima's Dance                 Hexes                        3
   e - Dazzling Spray                 Conjuration/Hexes            3
Comestibles
 e - 4 bread rations
 m - a meat ration
 B - 4 beef jerkies


   Skills:
 + Level 6.2 Fighting
 + Level 5.2 Maces & Flails
 + Level 6.0 Armour
 + Level 3.3 Dodging
 + Level 5.8 Stealth
 + Level 6.4 Shields


You had 8 spell levels left.
You didn't know any spells.

Dungeon Overview and Level Annotations

Branches:
Dungeon (6/15)             Temple (1/1) D:6

Altars:
Ashenzari
Cheibriados
Dithmenos
Fedhas
Gozag
Kikubaaqudgha
Makhleb
Nemelex Xobeh
Okawaru
Qazlal
Ru
Xom
Zin
The Shining One


Innate Abilities, Weirdness & Mutations

You are resistant to torment.
Your stone body is resilient (AC +5).
You are immune to poison.
You resist negative energy.
You are resistant to electric shocks.
You can survive without breathing.
You are immune to petrification.
You are immune to rotting.


Message History

You hit the orc warrior but do no damage.
The orc warrior is moderately wounded.
You barely miss the orc warrior.
The orc warrior is moderately wounded.
You block the orc warrior's attack.
Your shield and ring mail prevent you from hitting the orc warrior.
The orc warrior is moderately wounded.
The orc warrior hits you with a scimitar of flaming.
* * * LOW HITPOINT WARNING * * *
The orc warrior burns you.
* * * LOW HITPOINT WARNING * * *
You barely miss the orc warrior.
The orc warrior is moderately wounded.
You closely miss the orc warrior.
The orc warrior is moderately wounded.
You block the orc warrior's attack.
You hit the orc warrior.
The orc warrior is moderately wounded.
The orc warrior hits you with a scimitar of flaming!!
You die...

#############
#o).#...#...#
#.@)#.⌠...⌠.#
#...#...#...#
##.###(###### *#
#...#...#...# ##.
#.⌠..)⌠...⌠.# ##..
#...#...#...####...
######.######..#...
#...#...#...#..#...
#.>...⌠...⌠.#......


You could see an orc warrior.

Vanquished Creatures
  A two-headed ogre (D:5)
  The ghost of Quirk the Shield-Bearer, an average GrFi of Qazlal (D:5)
  A water moccasin (D:5)
  A sky beast (D:6)
  An ice beast (D:5)
  A phantom (D:4)
  An orc warrior (D:5)
  2 big kobolds (Sewer)
  2 scorpions
  4 wights (D:6)
  A killer bee (D:5)
  2 crimson imps
  A giant frog skeleton (D:4)
  A hound (D:5)
  An orc priest (D:6)
  Jessica (D:3)
  3 orc wizards
  8 worker ants
  A hound zombie (D:6)
  4 gnolls (D:5)
  A river rat (D:3)
  5 adders
  An ooze (Sewer)
  An adder zombie (D:5)
  4 worms
  2 giant geckos
  24 orcs
  A bat skeleton (D:4)
  5 giant cockroaches
  13 hobgoblins
  4 jackals
  2 quokkas
  3 ball pythons
  A ball python skeleton (D:5)
  16 bats
  6 giant newts
  5 goblins
  18 kobolds
  18 rats
  2 butterflies (D:5)
170 creatures vanquished.

Notes
Turn   | Place    | Note
--------------------------------------------------------------
     0 | D:1      | Quirk the Gargoyle Fighter began the quest for the Orb.
     0 | D:1      | Reached XP level 1. HP: 14/14 MP: 1/1
   150 | D:1      | Reached XP level 2. HP: 17/19 MP: 2/2
   480 | D:2      | Reached XP level 3. HP: 14/23 MP: 3/3
   643 | D:2      | Reached skill level 1 in Stealth
   900 | D:3      | Reached XP level 4. HP: 27/29 MP: 4/4
  1123 | D:3      | Reached skill level 1 in Dodging
  1126 | D:3      | Found a glowing drain.
  1130 | Sewer    | Entered a sewer
  1251 | Sewer    | Noticed a big kobold
  1276 | Sewer    | Killed a big kobold
  1276 | Sewer    | Reached skill level 4 in Fighting
  1276 | Sewer    | Reached XP level 5. HP: 18/33 MP: 5/5
  1461 | Sewer    | Noticed a big kobold
  1505 | Sewer    | Killed a big kobold
  1505 | Sewer    | Reached XP level 6. HP: 29/39 MP: 6/6
  1645 | D:3      | Noticed Jessica
  1663 | D:3      | Killed Jessica
  3061 | D:4      | Reached XP level 7. HP: 44/44 MP: 7/7
  3273 | D:4      | Got a warped hand axe
  3274 | D:4      | Identified the +3 hand axe "Cutsot" {speed, +Fly MR- Dex+4} (You took it off an orc on level 4 of the Dungeon)
  3441 | D:4      | Reached skill level 5 in Fighting
  3480 | D:5      | Entered Level 5 of the Dungeon
  3487 | D:5      | Noticed Quirk's ghost (average GrFi)
  3549 | D:4      | Reached skill level 5 in Shields
  3786 | D:5      | Killed Quirk's ghost
  3786 | D:5      | Reached XP level 8. HP: 22/49 MP: 8/8
  3798 | D:5      | Reached skill level 5 in Armour
  3829 | D:5      | Found a sacrificial altar of Ru.
  3836 | D:5      | Became a worshipper of Ru the Awakened
  3868 | D:5      | Found a sacrificial altar of Ru.
  4018 | D:5      | Noticed a two-headed ogre
  4402 | D:5      | Killed a two-headed ogre
  4402 | D:5      | Reached skill level 5 in Stealth
  4608 | D:5      | Found a runed door.
  4642 | D:5      | Found a runed door.
  4666 | D:5      | Found a shadowy altar of Dithmenos.
  4974 | D:5      | Reached skill level 6 in Fighting
  4992 | D:5      | Reached XP level 9. HP: 53/55 MP: 9/9
  5073 | D:6      | Reached skill level 5 in Maces & Flails
  5121 | D:6      | Got a brightly glowing long sword
  5160 | D:6      | Identified the cursed +1 long sword of Distraction {pain, *Corrode rC++ MR+ Stlth+} (You found it on level 6 of the Dungeon)
  5230 | D:6      | Found a stormy altar of Qazlal.
  5285 | D:6      | Found a staircase to the Ecumenical Temple.
  5290 | Temple   | Entered the Ecumenical Temple
  5442 | D:6      | Slain by an orc warrior

Vault maps used:
D:1:      scummos_arrival_star
D:3:      gup_sewer_entry_spiral, first_bread, grunt_ministairs_7, uniq_jessica
D:5:      lemuel_insect_pit, nicolae_dithmenos_through_a_glass_darkly,
          nicolae_ru_awakened_eye, basic_altar
D:6:      minmay_temple_entry_nine_rooms, grunt_qazlal_sundering
Temple:   circular_temple_12
Sewer:    kennysheep_pipe_town

Action                   |  1- 3 |  4- 6 |  7- 9 || total
-------------------------+-------+-------+-------++-------
Melee: Flail             |   109 |   217 |       ||   326
       Whip              |       |    76 |    21 ||    97
       Hand axe          |       |       |   339 ||   339
Throw: Tomahawk          |       |       |     6 ||     6
Invok: Reject Sacrifices |       |       |     1 ||     1
  Use: Potion            |       |     1 |     1 ||     2
       Scroll            |       |       |    11 ||    11
 Stab: Sleeping          |       |       |     1 ||     1
  Eat: Chunk             |       |     8 |     7 ||    15
